 Dungeon Crawl Stone Soup version 0.24.1 (webtiles) character file.

Game seed: 1089928475379774899, levelgen mode: deterministic

81 Curus the Twirler (level 4, -6/26 HPs)
             Began as a Gargoyle Gladiator on Mar 26, 2020.
             Was an Initiate of Okawaru.
             Killed by nerve-wracking pain
             ... invoked by Grinder
              (7 damage)
             ... on level 3 of the Dungeon.
             The game lasted 00:09:25 (1307 turns).

Curus the Twirler (Gargoyle Gladiator)              Turns: 1307, Time: 00:09:26

Health: -6/26      AC: 12    Str: 17    XL:     4   Next: 42%
Magic:  4/4        EV: 10    Int:  9    God:    Okawaru [......]
Gold:   63         SH:  0    Dex: 12    Spells: 3/3 levels left

rFire    . . .     SeeInvis .   a - +0 quarterstaff
rCold    . . .     Gourm    .   (shield currently unavailable)
rNeg     + . .     Faith    .   i - +0 scale mail
rPois    ∞         Spirit   .   c - +1 helmet
rElec    +         Reflect  .   (no cloak)
rCorr    .         Harm     .   g - +0 pair of gloves
MR       .....                  (no boots)
Stlth    ..........             k - amulet of magic regeneration
HPRegen  0.08/turn              l - ring of flight
MPRegen  0.34/turn              (no ring)

@: no status effects
A: negative energy resistance 1, electricity resistance, unbreathing,
petrification resistance, rot immunity, AC +3
a: Renounce Religion, Evoke Flight


You were on level 3 of the Dungeon.
You worshipped Okawaru.
Okawaru was noncommittal.
You were not hungry.

You visited 1 branch of the dungeon, and saw 3 of its levels.

You collected 63 gold pieces.

Inventory:

Hand Weapons
 a - a +0 quarterstaff (weapon)
Missiles
 d - 3 throwing nets (quivered)
Armour
 b - a +0 leather armour
 c - a +1 helmet (worn)
 e - a +0 ring mail
 g - a +0 pair of gloves (worn)
 i - a +0 scale mail (worn)
Jewellery
 k - an amulet of magic regeneration (around neck)
 l - a ring of flight (left hand)
Scrolls
 h - 2 scrolls of remove curse
 j - 2 scrolls of identify
Comestibles
 f - 4 rations
 m - 5 chunks of flesh


   Skills:
 - Level 2.1 Fighting
 + Level 5.1 Staves
 - Level 1.7 Throwing
 - Level 2.4 Dodging


You had 3 spell levels left.
You didn't know any spells.
Your spell library was empty.

Dungeon Overview and Level Annotations

Branches:
Dungeon (3/15)

Altars:
Okawaru
Uskayaw

Annotations:
D:3 Grinder


Innate Abilities, Weirdness & Mutations

You are resistant to torment.
Your stone body is resilient. (AC +3)
You are immune to poison.
You resist negative energy. (rN+)
You are resistant to electric shocks. (rElec)
You can survive without breathing.
You are immune to petrification.
You are immune to rotting.


Message History

Grinder is almost dead.
Grinder hits you.
* * * LOW HITPOINT WARNING * * *
You writhe in agony.
* * * LOW HITPOINT WARNING * * *
You closely miss Grinder.
Grinder is almost dead.
Grinder hits you.
* * * LOW HITPOINT WARNING * * *
You writhe in agony.
* * * LOW HITPOINT WARNING * * *
You hit Grinder.
Grinder is almost dead.
Grinder gestures at you. You resist with significant effort.
You closely miss Grinder.
Grinder is almost dead.
Grinder gestures at you. Pain shoots through your body!
You die...

#.......?......####..
#)##<....###.)....r..
##.##..#.## #...#
#...#..#.## #.†.#
..#.......# #...#
....#..#..# #...#
.####..#..###...# .#
#......)....###.#.##
.#
#..#..###.#.@.......
.#
#..#..###....5......
.#
#..........#........
.#
#.....####...#...#.#
.# #..##.#
#####.....#
.####..##>## #..###
...........# .?#
....†........ ..#
.#####.#.#.##


You could see Grinder.

Vanquished Creatures
  3 adders (D:2)
  A worm (D:2)
  2 dart slugs (D:2)
  An orc (D:3)
  4 giant cockroaches
  8 goblins
  5 hobgoblins
  6 kobolds
  2 ball pythons
  6 bats
  5 frilled lizards
  4 rats
47 creatures vanquished.

Notes
Turn   | Place    | Note
-------+----------+-------------------------------------------
     0 | D:1      | Curus the Gargoyle Gladiator began the quest for the Orb.
     0 | D:1      | Reached XP level 1. HP: 12/12 MP: 1/1
   234 | D:1      | Reached XP level 2. HP: 17/17 MP: 2/2
   723 | D:2      | Reached skill level 4 in Staves
   774 | D:2      | Reached XP level 3. HP: 21/21 MP: 3/3
  1080 | D:2      | Reached XP level 4. HP: 26/26 MP: 4/4
  1101 | D:2      | Found an iron altar of Okawaru.
  1105 | D:2      | Became a worshipper of Warmaster Okawaru
  1192 | D:3      | Reached skill level 5 in Staves
  1260 | D:3      | Noticed Grinder
  1282 | D:3      | Noticed a +0 hand axe
  1282 | D:3      | Noticed a +0 dagger
  1284 | D:3      | Found a hide-covered altar of Uskayaw.
  1297 | D:3      | Paralysed by Grinder for 2 turns
  1305 | D:3      | HP: 1/26 [Grinder (2)]
  1307 | D:3      | Killed from afar by Grinder

Levels and vault maps discovered:
D:1:      minmay_arrival_five_plusses, layout_loops_cross
D:2:      layout_rooms, marbit_many_paths
D:3:      layout_loops_ring, dancing_weapons_uskayaw, first_ration, uniq_grinder

Skill      XL: |  1  2  3  4 |
---------------+-------------+-----
Staves         | 4 5 |  5.1
Fighting       | |  2.1
Throwing       | |  1.7
Dodging        | |  2.4

Action                   |  1- 3 |  4- 6 || total
-------------------------+-------+-------++-------
Melee: Quarterstaff      |    82 |    52 ||   134
  Use: Scroll            |     6 |       ||     6
       Potion            |     2 |       ||     2
  Eat: Chunk             |       |     1 ||     1
Armor: Ring mail         |    32 |       ||    32
       Scale mail        |    18 |    18 ||    36
Dodge: Dodged            |    27 |    27 ||    54
